 Dungeon Crawl Stone Soup version 0.21.1-1-g345015fe64 (webtiles) character file.

105 Kejsarherre the Chopper (level 5, -12/40 HPs)
             Began as a Formicid Gladiator on May 12, 2018.
             Killed by divine providence
             ... invoked by an orc priest
              (17 damage)
             ... on level 4 of the Dungeon.
             The game lasted 00:01:45 (794 turns).

Kejsarherre the Chopper (Formicid Gladiator)         Turns: 794, Time: 00:01:45

Health: -12/40     AC:  3    Str: 18    XL:     5   Next: 9%
Magic:  5/5        EV: 12    Int:  9    God:
Gold:   68         SH:  0    Dex: 12    Spells: 4/4 levels left

rFire    . . .     SeeInvis +   a - +0 war axe
rCold    . . .     Gourm    .   (no shield)
rNeg     . . .     Faith    .   b - +0 leather armour
rPois    .         Spirit   .   (helmet unavailable)
rElec    .         Reflect  .   (no cloak)
rCorr    .         Harm     .   (no gloves)
MR       .....                  (no boots)
Stlth    +.........             (no amulet)
HPRegen  0.13/turn              g - ring of flight
MPRegen  0.09/turn              (no ring)

@: no status effects
A: permanent stasis, dig shafts and tunnels, four strong arms, antennae 3
a: Dig, Shaft Self, Evoke Flight


You were on level 4 of the Dungeon.
You were not hungry.

You visited 1 branch of the dungeon, and saw 4 of its levels.

You collected 68 gold pieces.

Inventory:

Hand Weapons
 a - a +0 war axe (weapon)
Missiles
 c - 2 throwing nets (quivered)
Armour
 b - a +0 leather armour (worn)
Jewellery
 g - a ring of flight (left hand)
Wands
 m - a wand of flame (15)
Scrolls
 f - a scroll of identify {unknown}
 k - a scroll of amnesia {unknown}
 l - a scroll of remove curse {unknown}
Potions
 e - a potion of mutation {unknown}
 h - a potion of heal wounds {unknown}
 i - a potion of invisibility {unknown}
 j - a potion of ambrosia {unknown}
 n - 2 potions of might {unknown}
 o - a potion of degeneration {unknown}
 p - a potion of agility {unknown}
Comestibles
 d - 3 rations


   Skills:
 + Level 2.9 Fighting
 + Level 5.1 Axes
 - Level 2.0 Throwing
 - Level 2.6 Dodging


You had 4 spell levels left.
You didn't know any spells.

Dungeon Overview and Level Annotations

Branches:
Dungeon (4/15)
 Temple: D:4-7

Altars:

Annotations:
D:1 1 runed door


Innate Abilities, Weirdness & Mutations

You cannot be hasted, slowed, berserked, paralysed or teleported.
You can dig through walls and to a lower floor.
Your four strong arms can wield two-handed weapons with a shield.
You have a pair of large antennae on your head. (SInv)


Message History

No target in view!
No target in view!
You climb downwards.
The orc hits you but does no damage.
There is a stone staircase leading up here.
You hit the orc.
The orc is moderately wounded.
You hit the orc. The orc hits you with a mace. The orc hits you with a mace!
The orc hits you but does no damage.
You closely miss the orc.
The orc is heavily wounded.
You hit the orc.
You kill the orc!
The orc priest calls down the wrath of Beogh upon you.
Beogh smites you!
* * * LOW HITPOINT WARNING * * *
The orc hits you with a mace.
* * * LOW HITPOINT WARNING * * *
The orc priest invokes the aid of Beogh against you.
Beogh smites you!
You die...

##############
#............#
#............#
#....(.......# {
#..o.........#
#.@..........#
#.)..........#
#............#
#............#
#............#
#.............#
#.o.............
#...........#####
#.?.......... .


You could see an orc priest and an orc.

Vanquished Creatures
  Ijyb (D:3)
  An orc wizard (D:3)
  An adder (D:3)
  An ooze (D:2)
  2 leopard geckos
  2 orcs
  6 jackals (D:2)
  A kobold (D:3)
  4 bats
  A frilled lizard (D:3)
  8 goblins
  5 rats
33 creatures vanquished.

Notes
Turn   | Place    | Note
-------+----------+-------------------------------------------
     0 | D:1      | Kejsarherre the Formicid Gladiator began the quest for the Orb.
     0 | D:1      | Reached XP level 1. HP: 16/16 MP: 1/1
     2 | D:1      | Found a runed door.
    35 | D:1      | You fall through a shaft!
    66 | D:2      | Reached XP level 2. HP: 21/22 MP: 2/2
   247 | D:2      | Reached XP level 3. HP: 28/28 MP: 3/3
   323 | D:3      | Noticed Ijyb
   328 | D:3      | Reached skill level 4 in Axes
   337 | D:3      | Killed Ijyb
   337 | D:3      | Reached XP level 4. HP: 9/34 MP: 4/4
   338 | D:3      | Noticed a centaur
   787 | D:3      | Reached skill level 5 in Axes
   787 | D:3      | Reached XP level 5. HP: 33/40 MP: 5/5
   794 | D:4      | Killed from afar by an orc priest

Skill      XL: |  1  2  3  4 |
---------------+-------------+-----
Axes           | 4 5 |  5.1
Fighting       | |  2.9
Throwing       | |  2.0
Dodging        | |  2.6

Action                   |  1- 3 |  4- 6 || total
-------------------------+-------+-------++-------
Melee: War axe           |    51 |    27 ||    78
Throw: Throwing net      |     1 |       ||     1
 Abil: Shaft Self        |     1 |       ||     1
 Stab: Sleeping          |     1 |       ||     1
Armor: Leather armour    |    14 |     5 ||    19
Dodge: Dodged            |    37 |    19 ||    56
